 Dungeon Crawl Stone Soup version 0.31-a0-1589-g8f5e8aebd6 (webtiles) character file.

Game seed: 15377541462518179438

53 Lobster4 the Shooter (level 3, 0/31 HPs)
             Began as a Minotaur Hunter on Jan 5, 2024.
             Frozen to death by an endoplasm (3 damage)
             ... on level 3 of the Dungeon.
             The game lasted 00:02:35 (1445 turns).

Lobster4 the Shooter (Minotaur Hunter)              Turns: 1445, Time: 00:02:35

Health: 0/31       AC:  3    Str: 15    XL:     3   Next: 64%
Magic:  2/2        EV: 12    Int:  6    God:
Gold:   90         SH:  0    Dex: 15    Spells: 2/2 levels left

rFire   . . .        a - +0 shortbow (chaos)
rCold   . . .        (shield currently unavailable)
rNeg    . . .        c - +0 leather armour
rPois   .            (helmet restricted)
rElec   .            (no cloak)
rCorr   .            (no gloves)
SInv    .            (no boots)
Will    .....        (no amulet)
Stlth   +            (no ring)
HPRegen 0.25/turn    (no ring)
MPRegen 0.08/turn

%: no passive effects
@: no status effects
A: horns 2, retaliatory headbutt
a: no special abilities


You were on level 3 of the Dungeon.
You visited 1 branch of the dungeon, and saw 3 of its levels.

You collected 90 gold pieces.

Inventory:

Hand Weapons
 a - a +0 shortbow of chaos (weapon)
 o - a +0 sling
 p - a +2 dagger of draining
Missiles
 f - 3 poisoned darts
 l - 17 stones
Armour
 c - a +0 leather armour (worn)
Scrolls
 b - a scroll of butterflies
 m - a scroll of teleportation
Potions
 e - a potion of might {unknown}
 g - a potion of brilliance {unknown}
 h - a potion of ambrosia {unknown}
 j - a potion of resistance
 k - a potion of curing


   Skills:
 + Level 3.0 Fighting
 * Level 5.1 Ranged Weapons
 + Level 1.4 Armour
 + Level 2.7 Dodging
 - Level 1.0 Stealth


You had 2 spell levels left.
You didn't know any spells.
Your spell library contained the following spells:

 Spells                   Type           Power      Damage    Failure   Level
 Sublimation of Blood     Necr           0%         N/A       67%         2
 Petrify                  Alch/Erth      0%         N/A       99%         4
 Irradiate                Conj/Alch      0%         3d11      100%        5


Dungeon Overview and Level Annotations

Branches:
Dungeon (3/15)

Altars:

Shops:
D:2 [

Annotations:
D:3 Natasha


Innate Abilities, Weirdness & Mutations

You have a pair of horns on your head.
You reflexively headbutt those who attack you in melee.


Message History

The arrow freezes the hobgoblin.
You kill the hobgoblin!
Natasha, Servant of Life and Death comes into view.
You shoot an arrow.
Natasha hisses angrily.
The arrow hits Natasha.
The arrow burns Natasha.
Natasha is lightly wounded.
You shoot an arrow. The arrow closely misses Natasha.
You shoot an arrow. The arrow barely misses Natasha.
Natasha howls an incantation.
You feel troubled.
You shoot an arrow. The arrow misses Natasha.
An endoplasm comes into view.
You shoot an arrow. The arrow closely misses Natasha.
The endoplasm quivers.
Natasha completely misses you. Natasha claws you.
You shoot an arrow.
The arrow hits Natasha but does no damage.
Natasha is lightly wounded.
Natasha claws you.
You shoot an arrow.
The arrow hits Natasha but does no damage.
Natasha is lightly wounded.
The endoplasm freezes you.
You are frozen.
Natasha claws you.
You shoot an arrow. The arrow hits Natasha.
Natasha is poisoned.
Natasha is moderately wounded.
The endoplasm barely misses you. Natasha claws you.
You are too injured to fight recklessly!
You are too injured to fight recklessly!
You are too injured to fight recklessly!
You are too injured to fight recklessly!
You shoot an arrow. The arrow hits Natasha.
Natasha is heavily wounded.
The endoplasm freezes you.
You are frozen.
Natasha claws you!
* * * LOW HITPOINT WARNING * * *
The endoplasm freezes you.
You are frozen.
You die...

#..<..# ..>..#
#..... #....#
..†.# #...#
#...#
###.Jh##.##†#
#....@......#
............#..#
####.#.#.####
...#.#.# ###
#.#.# #.#.#
#.#.# #.#


You could see Natasha (very poisoned) and an endoplasm.

Vanquished Creatures
  A dart slug (D:1)
  2 ribbon worms (D:2)
  4 ball pythons
  4 bats (D:1)
  3 endoplasms (D:1)
  2 giant cockroaches (D:2)
  3 goblins
  4 hobgoblins
  4 jackals
  3 quokkas
  5 frilled lizards
  6 kobolds (D:1)
41 creatures vanquished.

Notes
Turn   | Place    | Note
-------+----------+-------------------------------------------
     0 | D:1      | Lobster4 the Minotaur Hunter began the quest for the Orb.
     0 | D:1      | Reached XP level 1. HP: 18/18 MP: 0/0
    98 | D:1      | Reached skill level 1 in Stealth
    98 | D:1      | Reached XP level 2. HP: 25/25 MP: 1/1
   186 | D:1      | Reached skill level 1 in Armour
   329 | D:1      | Reached XP level 3. HP: 30/30 MP: 2/2
   817 | D:2      | Reached skill level 5 in Ranged Weapons
  1085 | D:2      | Found Moedy's Antique Armour Shoppe.
  1436 | D:3      | Noticed Natasha
  1445 | D:3      | Frozen to death by an endoplasm

Illustrated notes

Levels and vault maps discovered:
D:1:      shiori_arrival_oz, layout_basic, corexii_item_surrounded_by_moat
D:2:      layout_loops_corners, serial_shops, nicolae_shop_hallway_stairs
D:3:      layout_basic, minmay_misc_feat_five, minivault_24,
          kennysheep_cross_room, uniq_ijyb, uniq_natasha

Skill      XL: |  1  2  3 |
---------------+----------+-----
Stealth        | 1 |  1.0
Armour         | 1 |  1.4
Ranged Weapons | 5 |  5.1
Fighting       | 3 |  3.0
Dodging        | |  2.7

Action                     || total
---------------------------++-------
   Fire: Shortbow          ||   107
    Use: Scroll            ||     6
 Armour: Leather armour    ||    22
  Dodge: Dodged            ||    31

Table legend: (Time is in decaauts)
 A = Elapsed time spent in this place.
 B = Non-inter-level travel time spent in this place.
 C = Inter-level travel time spent in this place.
 D = Time resting spent in this place.
 E = Time spent auto-exploring this place.
 F = Levels seen in this place.
 G = Mean time per level.
                   A        B        C        D        E       F      G
               +--------+--------+--------+--------+--------+-----+--------+
         Total |   1464 |   1355 |    109 |      0 |   1134 |   3 |  488.0 |
       Dungeon |   1464 |   1355 |    109 |      0 |   1134 |   3 |  488.0 |
               +--------+--------+--------+--------+--------+-----+--------+

Top non-repeatable levels by time:
     D:2: 1007 daAuts
     D:1: 400 daAuts
     D:3: 57 daAuts
